 Dungeon Crawl Stone Soup version 0.22-a0-480-g991dd4b (webtiles) character file.

130 aronpayne the Conjurer (level 5, -6/31 HPs)
             Began as an Octopode Conjurer on June 15, 2018.
             Mangled by ThereIsNoGod's ghost (9 damage)
             ... on level 4 of the Dungeon.
             The game lasted 00:12:03 (3019 turns).

aronpayne the Conjurer (Octopode Conjurer)          Turns: 3019, Time: 00:12:04

Health: -6/31      AC:  1    Str:  8    XL:     5   Next: 13%
Magic:  4/8        EV: 13    Int: 18    God:
Gold:   124        SH:  0    Dex: 12    Spells: 6/9 levels left

rFire    . . .     SeeInvis .   e - +2 dagger (speed)
rCold    . . .     Gourm    .   (no shield)
rNeg     . . .     Faith    .   (helmet restricted)
rPois    .         Spirit   .   (no amulet)
rElec    .         Reflect  .   (no ring)
rCorr    .         Harm     .   (no ring)
MR       .....                  (no ring)
Stlth    +++.......             (no ring)
HPRegen  0.10/turn              (no ring)
MPRegen  0.11/turn              (no ring)
                                (no ring)
                                (no ring)

@: no status effects
A: almost no armour, stealthy swim, amphibious, 8 rings, constrict 8, camouflage
1, gelatinous body 1
a: no special abilities


You were on level 4 of the Dungeon.
You were not hungry.

You visited 1 branch of the dungeon, and saw 4 of its levels.

You collected 124 gold pieces.

Inventory:

Hand Weapons
 e - a +2 dagger of speed (weapon)
Scrolls
 f - 3 scrolls of remove curse {unknown}
 g - 4 scrolls of identify {unknown}
 j - a scroll of fog {unknown}
Potions
 c - a potion of degeneration {unknown}
 d - a potion of cancellation {unknown}
 i - 3 potions of brilliance {unknown}
 k - 2 potions of berserk rage {unknown}
Comestibles
 b - 10 rations


   Skills:
 - Level 0.2 Fighting
 - Level 1.2 Short Blades
   Level 0.4 Maces & Flails
 + Level 2.4 Dodging
 - Level 2.6 Stealth
 + Level 2.6 Spellcasting
 + Level 5.4 Conjurations


You had 6 spell levels left.
You knew the following spells:

 Your Spells              Type           Power        Failure   Level  Hunger
a - Magic Dart            Conj           ###.         1%          1    #......
b - Searing Ray           Conj           ###...       2%          2    ##.....

Your spell library contained the following spells:

 Spells                   Type           Power        Failure   Level  Hunger
 Iskenderun's Mystic Bla  Conj           ###.....     19%         4    #####..
 Fulminant Prism          Conj/Hex       ##........   50%         4    #####..
 Dazzling Spray           Conj/Hex       ##....       17%         3    ###....
 Force Lance              Conj/Tloc      ##......     50%         4    #####..


Dungeon Overview and Level Annotations

Branches:
Dungeon (4/15)
 Temple: D:4-7

Altars:

Annotations:
D:4 ThereIsNoGod's ghost, amateur DrTm


Innate Abilities, Weirdness & Mutations

You cannot wear most types of armour.
You are very stealthy in the water. (Stealth+)
You are amphibious.
You can wear up to eight rings at the same time.
You can use your tentacles to constrict eight enemies at once.
Your skin changes colour to match your surroundings (Stealth+).
Your rubbery body absorbs attacks. (AC +1, EV +1)


Message History

You open the door.
ThereIsNoGod's ghost closely misses you.
There is an open door here.
ThereIsNoGod's ghost says, "I break bones and crack skulls... with my bare hands."
Casting: Searing Ray (safe; 2% risk of failure)
Confirm with . or Enter, or press ? or * to list all spells.
Aiming: Magic Dart (safe; 1% risk of failure)
Press: ? - help, Shift-Dir - straight line, f/p - ThereIsNoGod's ghost
Aim: ThereIsNoGod's ghost The magic dart hits ThereIsNoGod's ghost.
ThereIsNoGod's ghost hits you!
* * * LOW HITPOINT WARNING * * *
As you read the scroll labeled JECAIJ FABIRO, it crumbles to dust.
You assume a fearsome visage.
ThereIsNoGod's ghost is unaffected.
It was a scroll of fear.
Unknown command.
As you read the scroll labeled IGHIAM LENA, it crumbles to dust.
You feel aware of your surroundings.
It was a scroll of magic mapping.
ThereIsNoGod's ghost hits you!
You die...

.# ************* *,*, .#
*,,,,,,,,,,,*****+*, .#
*,,,,,,,,,,,,,,,,,,, .#
*,,,,,,,,,,,,,,,,,,, .#
########*,,,,,,,,,,,,,,,,,,, .#
#(.....#*,,,,,,,,,,,,,,,,,,, .#
#......#*****************,*,
.#####......############******,*,
.....'......'..W@.......,,,,,,,*,
######......############********,
#.'.......# *,,,,,,,,+,
#.#.......# *,,,,,,***,
#.#.......# *,,,,,,* **
#.#######.# *,,,,,,* #.# *.#
*,,,,,,* #.# *.# *,,,,,,* #.# *,*
*,,,,,,*


You could see ThereIsNoGod's ghost.

Vanquished Creatures
  2 worker ants (D:4)
  2 adders
  A worm (D:2)
  A dart slug (D:1)
  A leopard gecko (D:2)
  An orc (D:3)
  2 ball pythons (D:1)
  5 giant cockroaches
  7 hobgoblins
  3 kobolds
  A quokka (D:3)
  7 bats
  2 frilled lizards
  10 goblins
  10 rats
55 creatures vanquished.

Notes
Turn   | Place    | Note
-------+----------+-------------------------------------------
     0 | D:1      | aronpayne the Octopode Conjurer began the quest for the Orb.
     0 | D:1      | Reached XP level 1. HP: 11/11 MP: 3/3
   243 | D:1      | Reached XP level 2. HP: 14/17 MP: 5/5
   930 | D:1      | Reached XP level 3. HP: 13/21 MP: 6/6
  1944 | D:2      | Reached skill level 1 in Short Blades
  1958 | D:2      | Reached skill level 5 in Conjurations
  1982 | D:2      | Reached XP level 4. HP: 23/27 MP: 0/7
  2375 | D:3      | Learned a level 2 spell: Searing Ray
  2950 | D:4      | Noticed ThereIsNoGod's ghost (amateur DrTm)
  2969 | D:4      | Reached XP level 5. HP: 28/31 MP: 3/8
  3019 | D:4      | Mangled by ThereIsNoGod's ghost

Vault maps used:
D:1:      lightli_arrival_noodles
D:3:      hangedman_decor_points
D:4:      first_ration, minmay_fire_ice_demons

Skill      XL: |  1  2  3 |
---------------+----------+-----
Short Blades   | 1 |  1.2
Conjurations   | 5 |  5.4
Fighting       | |  0.2
Maces & Flails | |  0.4
Dodging        | |  2.4
Stealth        | |  2.6
Spellcasting   | |  2.6

Action                   |  1- 3 |  4- 6 || total
-------------------------+-------+-------++-------
Melee: Mace              |     4 |       ||     4
       Dagger            |    48 |     1 ||    49
       Constrict         |    10 |       ||    10
       Tentacles         |     5 |       ||     5
 Cast: Magic Dart        |    45 |    32 ||    77
       Searing Ray       |       |     3 ||     3
  Use: Scroll            |       |     2 ||     2
 Stab: Sleeping          |     7 |     1 ||     8
  Eat: Chunk             |     4 |     3 ||     7
Armor: Skin              |     2 |       ||     2
Dodge: Dodged            |    16 |     7 ||    23

Table legend:
 A = Spawn XP
 B = Non-spawn XP
 C = Spawn XP percentage of total XP
 D = Spawn monster count
 E = Non-spawn monster count
 F = Spawn count percentage of total count
 G = Total turns spent on level
                    A         B        C        D         E        F      G
               +---------+---------+-------+---------+---------+-------+---------
         Total |       0 |     186 |   0.0 |       0 |      55 |   0.0 |  3019
               +---------+---------+-------+---------+---------+-------+---------
           D:1 |       0 |      36 |   0.0 |       0 |      19 |   0.0 |  1138
           D:2 |       0 |      49 |   0.0 |       0 |      20 |   0.0 |   919
           D:3 |       0 |      32 |   0.0 |       0 |      14 |   0.0 |   772
           D:4 |       0 |      69 |   0.0 |       0 |       2 |   0.0 |   190
               +---------+---------+-------+---------+---------+-------+---------
